General information
- name: BNet
- type: Ladder team game (AT/RT)
- host: Battle.net
- saver: NlGGERS!!!!!!
map: GolemsInTheMist
- players: 8
- length: 39:42
- speed: Fast
- version: 1.28 W3XP
- replay type: Public
» download(380 KB)
Players
team 1 (loser)
RoundAndRound (
red | 58 APM | 1463 actions | 25:07)
4 Archmage
2 Summon Water Elemental
2 Brilliance Aura
4 Paladin
2 Holy Light
1 Divine Shield
1 Devotion Aura
» actions
| Assign group hotkey | 39 | |
| Basic commands | 158 | |
| Build / train | 91 | |
| Enter build submenu | 29 | |
| Enter hero's abilities submenu | 8 | |
| Right click | 227 | |
| Select / deselect | 295 | |
| Select group hotkey | 475 | |
| Use ability | 141 | |
1463 total
» units
| Peasant | 15 | |
| Rifleman | 21 | |
| Sorceress | 7 | |
| Priest | 1 | |
44 total
» upgrades
| Gunpowder | 2 | |
| Masonry | 2 | |
| Armor | 2 | |
| Long Rifles | 1 | |
| Sorceress Training | 2 | |
| Priest Training | 1 | |
10 total
» buildings
| Lumber Mill | 3 | |
| Farm | 9 | |
| Altar of Kings | 1 | |
| Barracks | 1 | |
| Scout Tower | 7 | |
| Blacksmith | 1 | |
| Arcane Tower | 3 | |
| Arcane Vault | 2 | |
| Town Hall | 1 | |
| Guard Tower | 4 | |
| Keep | 1 | |
| Castle | 1 | |
| Arcane Sanctum | 5 | |
39 total
» build order
00:07 Lumber Mill
00:49 Farm
01:04 Altar of Kings
01:12 Farm
01:19 Barracks
01:30 Scout Tower
01:49 Blacksmith
01:59 Farm
02:19 Arcane Tower
02:36 Farm
02:46 Arcane Vault
03:56 Farm
04:05 Farm
05:06 Town Hall
05:12 Scout Tower
05:14 Scout Tower
06:13 Arcane Tower
06:29 Guard Tower
06:43 Scout Tower
06:44 Scout Tower
06:45 Scout Tower
06:48 Scout Tower
06:56 Lumber Mill
07:19 Lumber Mill
07:22 Guard Tower
07:39 Guard Tower
08:06 Arcane Tower
08:07 Keep
08:20 Farm
08:27 Arcane Vault
08:43 Guard Tower
09:22 Farm
11:05 Castle
12:40 Arcane Sanctum
14:17 Arcane Sanctum
14:21 Arcane Sanctum
16:00 Arcane Sanctum
16:02 Arcane Sanctum
20:29 Farm
» items
| Lesser Clarity Potion | 4 | |
| Scroll of Regeneration | 3 | |
| Scroll of Town Portal | 4 | |
| Potion of Healing | 1 | |
| Potion of Mana | 1 | |
| Staff of Sanctuary | 2 | |
| Orb of Fire | 1 | |
16 total
NlGGERS!!!!!! (
pink | 105 APM | 4178 actions | 39:42)
7 Death Knight
3 Death Coil
3 Unholy Aura
1 Animate Dead
6 Crypt Lord
3 Carrion Beetles
2 Impale
1 Locust Swarm
6 Dreadlord
3 Carrion Swarm
2 Sleep
1 Inferno
» actions
| Assign group hotkey | 60 | |
| Basic commands | 270 | |
| Build / train | 136 | |
| ESC pressed | 5 | |
| Enter build submenu | 31 | |
| Enter hero's abilities submenu | 20 | |
| Give item / drop item | 16 | |
| Right click | 1424 | |
| Select / deselect | 669 | |
| Select group hotkey | 1343 | |
| Use ability | 204 | |
4178 total
» units
| Acolyte | 11 | |
| Ghoul | 2 | |
| Crypt Fiend | 7 | |
| Goblin Shredder | 4 | |
| Goblin Zeppelin | 5 | |
| Gargoyle | 15 | |
| Frost Wyrm | 9 | |
53 total
» upgrades
| Creature Attack | 3 | |
| Web | 1 | |
| Creature Carapace | 3 | |
| Burrow | 1 | |
| Freezing Breath | 1 | |
| Stone Form | 1 | |
| Unholy Armor | 3 | |
| Ghoul Frenzy | 1 | |
| Unholy Strength | 2 | |
| Cannibalize | 1 | |
| Magic Sentry | 1 | |
18 total
» buildings
| Graveyard | 1 | |
| Crypt | 2 | |
| Altar of Darkness | 1 | |
| Ziggurat | 13 | |
| Tomb of Relics | 2 | |
| Halls of the Dead | 2 | |
| Black Citadel | 2 | |
| Spirit Tower | 14 | |
| Necropolis | 1 | |
| Sacrificial Pit | 1 | |
| Boneyard | 3 | |
| Nerubian Tower | 2 | |
44 total
» build order
00:05 Graveyard
00:07 Crypt
00:39 Altar of Darkness
00:56 Ziggurat
01:39 Tomb of Relics
01:59 Ziggurat
03:57 Halls of the Dead
03:57 Halls of the Dead
05:22 Ziggurat
05:27 Ziggurat
08:00 Black Citadel
08:00 Black Citadel
08:38 Spirit Tower
09:00 Ziggurat
09:49 Crypt
09:58 Necropolis
13:02 Sacrificial Pit
14:40 Boneyard
14:41 Boneyard
14:44 Boneyard
15:00 Ziggurat
15:01 Ziggurat
15:05 Ziggurat
15:59 Spirit Tower
15:59 Spirit Tower
18:02 Nerubian Tower
18:05 Spirit Tower
23:42 Spirit Tower
23:44 Ziggurat
23:46 Ziggurat
23:46 Ziggurat
23:48 Ziggurat
23:50 Ziggurat
23:55 Tomb of Relics
24:57 Nerubian Tower
24:58 Spirit Tower
24:58 Spirit Tower
24:58 Spirit Tower
24:58 Spirit Tower
24:58 Spirit Tower
24:58 Spirit Tower
24:59 Spirit Tower
24:59 Spirit Tower
24:59 Spirit Tower
» items
| Rod of Necromancy | 2 | |
| Orb of Corruption | 2 | |
| Scroll of Town Portal | 1 | |
| Scroll of Regeneration | 2 | |
| Staff of Sanctuary | 1 | |
8 total
agentknox666 (
purple | 68 APM | 2720 actions | 39:42)
7 Mountain King
1 Storm Bolt
3 Bash
2 Thunder Clap
1 Avatar
» actions
| Build / train | 170 | |
| Enter build submenu | 38 | |
| Enter hero's abilities submenu | 7 | |
| Give item / drop item | 1 | |
| Remove unit from queue | 12 | |
| Right click | 1901 | |
| Select / deselect | 505 | |
| Use ability | 86 | |
2720 total
» units
| Peasant | 27 | |
| Footman | 15 | |
| Rifleman | 17 | |
| Knight | 14 | |
| Gryphon Rider | 6 | |
| Sorceress | 2 | |
| Priest | 5 | |
86 total
» upgrades
| Masonry | 3 | |
| Lumber Harvesting | 2 | |
| Swords | 2 | |
| Plating | 1 | |
| Gunpowder | 1 | |
| Animal War Training | 1 | |
| Long Rifles | 1 | |
| Armor | 1 | |
| Priest Training | 2 | |
| Storm Hammers | 1 | |
| Sorceress Training | 0 | |
15 total
» buildings
| Altar of Kings | 1 | |
| Barracks | 3 | |
| Farm | 11 | |
| Lumber Mill | 2 | |
| Scout Tower | 8 | |
| Arcane Tower | 3 | |
| Guard Tower | 14 | |
| Arcane Vault | 1 | |
| Keep | 3 | |
| Blacksmith | 1 | |
| Castle | 2 | |
| Gryphon Aviary | 1 | |
| Arcane Sanctum | 1 | |
| Town Hall | 1 | |
| Tree of Life | 1 | |
53 total
» build order
00:11 Altar of Kings
00:16 Barracks
00:32 Farm
01:10 Farm
01:44 Lumber Mill
01:52 Scout Tower
02:07 Farm
02:28 Scout Tower
02:30 Arcane Tower
02:30 Arcane Tower
02:31 Arcane Tower
02:49 Scout Tower
03:00 Farm
03:02 Guard Tower
03:02 Guard Tower
03:19 Guard Tower
03:19 Guard Tower
03:51 Arcane Vault
03:54 Scout Tower
04:11 Keep
04:11 Keep
04:11 Keep
04:19 Scout Tower
04:43 Guard Tower
04:43 Guard Tower
04:53 Farm
05:03 Farm
05:18 Guard Tower
05:18 Guard Tower
05:19 Guard Tower
05:45 Barracks
05:48 Barracks
06:02 Blacksmith
06:43 Castle
06:43 Castle
07:17 Farm
07:35 Scout Tower
07:41 Scout Tower
08:17 Guard Tower
08:18 Guard Tower
08:24 Guard Tower
08:25 Guard Tower
10:22 Farm
11:15 Farm
11:18 Farm
12:22 Farm
12:25 Scout Tower
12:29 Lumber Mill
12:49 Gryphon Aviary
13:35 Guard Tower
13:41 Arcane Sanctum
21:43 Town Hall
31:54 Tree of Life
» items
| Scroll of Regeneration | 2 | |
| Lesser Clarity Potion | 2 | |
4 total
Glorified (
orange | 51 APM | 1295 actions | 25:21)
5 Priestess of the Moon
3 Searing Arrows
2 Trueshot Aura
» actions
| Assign group hotkey | 65 | |
| Basic commands | 1 | |
| Build / train | 61 | |
| Enter build submenu | 14 | |
| Enter hero's abilities submenu | 5 | |
| Give item / drop item | 2 | |
| Right click | 746 | |
| Select / deselect | 324 | |
| Select group hotkey | 39 | |
| Use ability | 38 | |
1295 total
» units
| Wisp | 11 | |
| Archer | 10 | |
| Huntress | 3 | |
| Hippogryph | 6 | |
| Goblin Shredder | 1 | |
| Faerie Dragon | 2 | |
| Druid of the Talon | 5 | |
38 total
» upgrades
| Strength of the Moon | 2 | |
| Moon Armor | 2 | |
| Hippogryph Taming | 1 | |
| Improved Bows | 1 | |
| Marksmanship | 1 | |
| Well Spring | 1 | |
| Strength of the Wild | 1 | |
| Reinforced Hides | 1 | |
| Druid of the Talon Training | 2 | |
| Mark of the Talon | 1 | |
13 total
» buildings
| Moon Well | 6 | |
| Altar of Elders | 1 | |
| Ancient of War | 1 | |
| Hunter's Hall | 1 | |
| Tree of Ages | 1 | |
| Ancient of Wind | 2 | |
| Tree of Eternity | 1 | |
| Ancient of Wonders | 1 | |
| Tree of Life | 1 | |
15 total
» build order
00:23 Moon Well
00:59 Altar of Elders
01:11 Ancient of War
01:46 Moon Well
02:45 Hunter's Hall
03:06 Tree of Ages
03:49 Moon Well
04:29 Moon Well
05:34 Ancient of Wind
05:37 Ancient of Wind
06:50 Tree of Eternity
06:55 Moon Well
07:58 Moon Well
10:26 Ancient of Wonders
21:28 Tree of Life
» items
team 2 (winner)

»
LA_SOLEDAD (
teal | 28 APM | 759 actions | 26:57)
6 Keeper of the Grove
2 Force of Nature
1 Thorns Aura
2 Entangling Roots
1 Tranquility
3 Priestess of the Moon
2 Trueshot Aura
1 Searing Arrows
1 Warden
1 Shadow Strike
» actions
| Assign group hotkey | 1 | |
| Build / train | 68 | |
| Enter build submenu | 20 | |
| Enter hero's abilities submenu | 10 | |
| Remove unit from queue | 1 | |
| Right click | 306 | |
| Select / deselect | 282 | |
| Select group hotkey | 6 | |
| Use ability | 65 | |
759 total
» units
| Wisp | 10 | |
| Archer | 3 | |
| Goblin Shredder | 1 | |
| Huntress | 1 | |
| Hippogryph | 18 | |
| Chimaera | 8 | |
41 total
» upgrades
| Strength of the Wild | 3 | |
| Reinforced Hides | 3 | |
| Well Spring | 1 | |
| Corrosive Breath | 1 | |
| Ultravision | 1 | |
9 total
» buildings
| Altar of Elders | 1 | |
| Moon Well | 10 | |
| Ancient of War | 1 | |
| Hunter's Hall | 1 | |
| Tree of Ages | 1 | |
| Tree of Life | 1 | |
| Tree of Eternity | 1 | |
| Ancient of Wind | 1 | |
| Chimaera Roost | 3 | |
| Ancient of Lore | 3 | |
23 total
» build order
00:11 Altar of Elders
00:16 Moon Well
00:33 Ancient of War
01:27 Moon Well
02:13 Hunter's Hall
02:50 Moon Well
03:43 Tree of Ages
04:13 Tree of Life
04:36 Moon Well
05:43 Moon Well
06:10 Tree of Eternity
06:19 Ancient of Wind
06:44 Moon Well
08:43 Chimaera Roost
08:45 Chimaera Roost
08:48 Chimaera Roost
15:29 Moon Well
15:31 Moon Well
15:32 Moon Well
15:33 Moon Well
26:07 Ancient of Lore
26:08 Ancient of Lore
26:08 Ancient of Lore

»
ShiG (
blue | 78 APM | 3099 actions | 39:42)
5 Death Knight
3 Death Coil
2 Unholy Aura
2 Lich
1 Frost Nova
1 Frost Armor
1 Crypt Lord
1 Impale
» actions
| Assign group hotkey | 29 | |
| Basic commands | 148 | |
| Build / train | 59 | |
| ESC pressed | 1 | |
| Enter build submenu | 17 | |
| Enter hero's abilities submenu | 8 | |
| Remove unit from queue | 2 | |
| Right click | 1097 | |
| Select / deselect | 442 | |
| Select group hotkey | 1183 | |
| Use ability | 111 | |
3099 total
» units
| Acolyte | 6 | |
| Ghoul | 2 | |
| Crypt Fiend | 10 | |
| Obsidian Statue | 16 | |
34 total
» upgrades
» buildings
| Graveyard | 1 | |
| Crypt | 1 | |
| Ziggurat | 7 | |
| Altar of Darkness | 1 | |
| Tomb of Relics | 2 | |
| Nerubian Tower | 2 | |
| Halls of the Dead | 1 | |
| Slaughterhouse | 1 | |
| Black Citadel | 1 | |
17 total
» build order
00:13 Graveyard
00:23 Crypt
00:45 Ziggurat
01:04 Altar of Darkness
01:21 Tomb of Relics
01:27 Tomb of Relics
01:39 Nerubian Tower
01:39 Nerubian Tower
03:06 Ziggurat
03:42 Halls of the Dead
04:27 Ziggurat
05:27 Ziggurat
06:40 Slaughterhouse
08:09 Black Citadel
10:15 Ziggurat
25:06 Ziggurat
25:09 Ziggurat
» items
| Rod of Necromancy | 1 | |
| Orb of Corruption | 1 | |
| Scroll of Town Portal | 3 | |
5 total
DontHaveACowMan (
green | 57 APM | 2262 actions | 39:41)
9 Blademaster
3 Wind Walk
3 Critical Strike
1 Bladestorm
2 Mirror Image
» actions
| Assign group hotkey | 33 | |
| Basic commands | 125 | |
| Build / train | 73 | |
| Enter build submenu | 48 | |
| Enter hero's abilities submenu | 9 | |
| Give item / drop item | 7 | |
| Remove unit from queue | 3 | |
| Right click | 1053 | |
| Select / deselect | 405 | |
| Select group hotkey | 330 | |
| Use ability | 176 | |
2262 total
» units
| Peon | 8 | |
| Grunt | 4 | |
| Goblin Shredder | 1 | |
| Goblin Sapper | 4 | |
| Goblin Zeppelin | 1 | |
| Troll Batrider | 12 | |
| Acolyte | 1 | |
31 total
» upgrades
| Reinforced Defenses | 1 | |
| Ranged Weapons | 3 | |
| Armor | 3 | |
| Troll Regeneration | 1 | |
| Liquid Fire | 1 | |
| Berserker Strength | 0 | |
9 total
» buildings
| Orc Burrow | 3 | |
| Altar of Storms | 1 | |
| Barracks | 1 | |
| Voodoo Lounge | 1 | |
| Stronghold | 1 | |
| War Mill | 2 | |
| Watch Tower | 38 | |
| Fortress | 1 | |
| Great Hall | 2 | |
| Beastiary | 5 | |
55 total
» build order
00:17 Orc Burrow
01:08 Altar of Storms
01:09 Barracks
01:12 Orc Burrow
01:59 Voodoo Lounge
02:57 Stronghold
04:17 Orc Burrow
04:36 War Mill
06:33 Watch Tower
06:34 Watch Tower
06:34 Watch Tower
07:13 Fortress
07:31 Great Hall
08:26 Watch Tower
08:27 Watch Tower
08:28 Watch Tower
08:28 Watch Tower
08:31 Watch Tower
08:31 Watch Tower
08:31 Watch Tower
09:05 Watch Tower
10:32 War Mill
10:36 Beastiary
10:39 Beastiary
10:42 Beastiary
10:44 Beastiary
10:49 Beastiary
18:05 Watch Tower
18:05 Watch Tower
18:06 Watch Tower
18:07 Watch Tower
18:07 Watch Tower
18:07 Watch Tower
18:10 Watch Tower
18:10 Watch Tower
18:10 Watch Tower
18:15 Watch Tower
18:17 Watch Tower
18:18 Watch Tower
18:19 Watch Tower
18:21 Watch Tower
22:33 Watch Tower
22:33 Watch Tower
22:34 Watch Tower
22:35 Watch Tower
22:36 Watch Tower
23:37 Great Hall
23:50 Watch Tower
23:50 Watch Tower
23:52 Watch Tower
23:52 Watch Tower
25:08 Watch Tower
25:08 Watch Tower
25:10 Watch Tower
25:11 Watch Tower
» items
| Healing Salve | 3 | |
| Lesser Clarity Potion | 3 | |
| Orb of Lightning | 1 | |
| Scroll of Town Portal | 3 | |
| Potion of Healing | 2 | |
| Orb of Corruption | 1 | |
| Scroll of Healing | 2 | |
| Potion of Mana | 2 | |
| Tiny Great Hall | 1 | |
18 total

»
martin.shkreli (
yellow | 64 APM | 1808 actions | 28:26)
6 Death Knight
3 Death Coil
2 Unholy Aura
1 Animate Dead
» actions
| Assign group hotkey | 12 | |
| Basic commands | 95 | |
| Build / train | 60 | |
| ESC pressed | 2 | |
| Enter build submenu | 25 | |
| Enter hero's abilities submenu | 7 | |
| Remove unit from queue | 8 | |
| Right click | 1059 | |
| Select / deselect | 361 | |
| Select group hotkey | 118 | |
| Use ability | 61 | |
1808 total
» units
| Acolyte | 2 | |
| Ghoul | 8 | |
| Crypt Fiend | 14 | |
| Frost Wyrm | 5 | |
| Hippogryph | -2 | |
27 total
» upgrades
| Creature Attack | 2 | |
| Web | 1 | |
| Burrow | 1 | |
| Creature Carapace | 2 | |
| Freezing Breath | 1 | |
7 total
» buildings
| Altar of Darkness | 1 | |
| Ziggurat | 10 | |
| Crypt | 1 | |
| Graveyard | 3 | |
| Tomb of Relics | 1 | |
| Nerubian Tower | 2 | |
| Spirit Tower | 2 | |
| Halls of the Dead | 1 | |
| Black Citadel | 2 | |
| Sacrificial Pit | 1 | |
| Boneyard | 2 | |
| Necropolis | 1 | |
27 total
» build order
00:05 Altar of Darkness
00:07 Ziggurat
00:11 Crypt
01:11 Graveyard
01:37 Tomb of Relics
01:46 Nerubian Tower
01:46 Nerubian Tower
02:23 Ziggurat
03:18 Spirit Tower
03:37 Graveyard
03:56 Halls of the Dead
05:36 Ziggurat
06:58 Black Citadel
06:58 Black Citadel
07:38 Ziggurat
08:33 Sacrificial Pit
09:45 Boneyard
09:55 Boneyard
14:49 Ziggurat
17:46 Ziggurat
17:47 Ziggurat
19:54 Graveyard
24:15 Necropolis
24:19 Ziggurat
24:21 Ziggurat
24:23 Ziggurat
24:25 Spirit Tower
» items
| Potion of Mana | 1 | |
| Scroll of Town Portal | 2 | |
| Potion of Healing | 1 | |
4 total
Chat log
(00:16 / All) martin.shkreli: GL HF
(00:23 / All) RoundAndRound: hf
(05:33 / All) martin.shkreli: hey
(06:24 / Allies) Glorified: or
(06:26 / Allies) Glorified: dont click
(07:46 / Allies) RoundAndRound: illusion
(08:01 / Allies) RoundAndRound: wood?
(08:06 / Allies) RoundAndRound: ty
(08:17 / Allies) NlGGERS!!!!!!: maybe inc at top 2 armies
(08:23 / Allies) RoundAndRound: will tp if needed
(08:25 / Allies) NlGGERS!!!!!!: kk
(08:36 / Allies) agentknox666: oj come
(08:54 / Allies) agentknox666: oj tp
(08:55 / Allies) RoundAndRound: tping
(09:08 / Allies) NlGGERS!!!!!!: ty
(09:14 / All) martin.shkreli: hehe
(09:41 / Allies) RoundAndRound: need a tp?
(09:55 / Allies) RoundAndRound: yes or no
(09:57 / Allies) Glorified: no
(10:17 / Allies) RoundAndRound: make shops guys
(10:43 / Allies) RoundAndRound: i have shop at my expo
(11:15 / Allies) RoundAndRound: or hit?
(13:53 / Allies) RoundAndRound: no wonder pink wasnt with us
(13:56 / Allies) NlGGERS!!!!!!: ?
(14:05 / Allies) RoundAndRound: was wondering why we lost that
(16:59 / All) DontHaveACowMan: lucky punk
(17:19 / All) DontHaveACowMan: Purple is so lucky for that kill
(17:25 / All) DontHaveACowMan: Team was afraid of 4 watcher towers and 2 manas
(17:29 / All) DontHaveACowMan: so I had to tank all damage with my fucking bm
(17:40 / All) DontHaveACowMan: then he walts up and bolts it while I'm preoccupied exploding bats
(17:57 / All) DontHaveACowMan: and no tavern on dis map
(18:41 / Allies) RoundAndRound: come on
(18:49 / Allies) RoundAndRound: ffs
(20:06 / Allies) RoundAndRound: meh
(21:09 / All) DontHaveACowMan: Blue is another KBilly
(21:50 / Allies) NlGGERS!!!!!!: I was taking top mid
(21:54 / Allies) NlGGERS!!!!!!: have a haunted mine queued
(22:36 / Allies) RoundAndRound: go
(24:34 / All) NlGGERS!!!!!!: Bad boy teal
(25:05 / Allies) RoundAndRound: its over
(25:06 / All) RoundAndRound: gg
(25:25 / All) martin.shkreli: LOL]
(25:28 / All) agentknox666: hahaa
(25:29 / All) martin.shkreli: how'd we win
(25:31 / All) agentknox666: pussies runnin
(25:33 / All) ShiG: green so bad
(25:38 / All) agentknox666: avatar!
(25:40 / All) DontHaveACowMan: blue has no game sense
(25:47 / All) ShiG: hahahahaha
(25:51 / All) ShiG: masses bats
(25:55 / All) ShiG: gets rekt
(25:58 / All) ShiG: by xpos
(26:02 / All) DontHaveACowMan: when did I get recked?
(26:02 / All) DontHaveACowMan: lol
(26:06 / All) ShiG: just shut the fuck up
(26:10 / All) DontHaveACowMan: He came up and bolted me while I exploded bats faggot
(26:14 / All) DontHaveACowMan: beacuse I had to tank becasue you're a pussy
(26:17 / All) martin.shkreli: DICK
(26:19 / All) martin.shkreli: FUCK U PINK
(27:16 / All) DontHaveACowMan: lol
(27:22 / All) DontHaveACowMan: 54-56
(27:23 / All) DontHaveACowMan: lol
(27:24 / All) agentknox666: trash players
(28:15 / Allies) agentknox666: pink
(28:16 / Allies) agentknox666: gold plz
(28:20 / Allies) NlGGERS!!!!!!: I have 400
(28:23 / Allies) NlGGERS!!!!!!: not much to share pal
(28:28 / All) DontHaveACowMan: blue loses games because he doesn't always get carriedl ol
(28:45 / Allies) NlGGERS!!!!!!: long distance mine this
(29:25 / All) NlGGERS!!!!!!: Purp is a noob ally talking about players being trash
(29:32 / All) agentknox666: dude
(29:38 / All) agentknox666: stfu
(29:41 / All) NlGGERS!!!!!!: stfu noob
(29:46 / All) agentknox666: garbage tks
(29:49 / All) NlGGERS!!!!!!: Worthless player
(29:50 / All) agentknox666: damn pathetic
(29:51 / All) NlGGERS!!!!!!: don't need you
(29:54 / All) agentknox666: ur nothing
(29:54 / All) NlGGERS!!!!!!: to win this
(29:55 / All) NlGGERS!!!!!!: leave plz
(29:59 / All) ShiG: hahaha
(30:02 / All) ShiG: sounds like me and green
(30:02 / All) NlGGERS!!!!!!: My score will be higher purp
(30:02 / All) agentknox666: tell your mom ill be over
(30:06 / All) agentknox666: dont wait up
(30:06 / All) ShiG: got what you guys got going on too
(30:13 / All) NlGGERS!!!!!!: Purp is full of himself
(30:16 / All) NlGGERS!!!!!!: I hate douchebags like him
(30:20 / All) agentknox666: so u tk?
(30:25 / All) agentknox666: broken
(30:30 / All) NlGGERS!!!!!!: yeah good riddance, rather play without your douchebag attitude on my team
(30:31 / All) NlGGERS!!!!!!: just leave
(30:32 / All) agentknox666: u showed ur pathetic alrdy
(30:36 / All) NlGGERS!!!!!!: Killed you since I don't need you
(30:39 / All) NlGGERS!!!!!!: 1 of me is like 3 of you
(30:42 / All) agentknox666: i have attitude?
(30:45 / All) agentknox666: r u stupid
(30:53 / All) NlGGERS!!!!!!: yeah you do
(30:56 / All) NlGGERS!!!!!!: cut it out nigger
(30:59 / All) DontHaveACowMan: Purple got a big head from his lucky kill
(31:05 / All) DontHaveACowMan: loser
(31:07 / All) agentknox666: trash players
(31:12 / All) agentknox666: typical bnet garbage
(31:15 / All) NlGGERS!!!!!!: ^^^^
(31:17 / All) agentknox666: jerk off much?
(31:17 / All) DontHaveACowMan: you're a scrub
(31:18 / All) NlGGERS!!!!!!: talking about yourself?
(31:20 / All) NlGGERS!!!!!!: purp
(31:26 / All) agentknox666: destroyed green
(31:29 / All) agentknox666: pink needs to tk
(31:31 / All) agentknox666: yea
(31:35 / All) agentknox666: ^^^^^^^^^^
(32:11 / All) NlGGERS!!!!!!: Leave purp
(32:13 / All) NlGGERS!!!!!!: or I afk
(32:16 / All) NlGGERS!!!!!!: I don't give noobs wins
(32:18 / All) agentknox666: wow
(32:20 / All) agentknox666: u dont get it
(32:25 / All) agentknox666: nobody cares anymore
(32:26 / All) NlGGERS!!!!!!: what's there to get
(32:27 / All) agentknox666: ur useless
(32:30 / All) NlGGERS!!!!!!: you're a homo and you can get out of my game
(32:32 / All) agentknox666: get that
(32:39 / All) agentknox666: not your game BIG head
(32:43 / All) NlGGERS!!!!!!: Leave noob
(32:44 / All) agentknox666: SMALL penis
(32:44 / All) NlGGERS!!!!!!: Yes it is
(32:47 / All) NlGGERS!!!!!!: you have no units
(32:49 / All) NlGGERS!!!!!!: You are an observer
(32:51 / All) NlGGERS!!!!!!: this is my game
(33:02 / All) agentknox666: doesnt mean i have to leave
(33:05 / All) agentknox666: ur dont get it
(33:08 / All) agentknox666: pathetic
(34:01 / All) NlGGERS!!!!!!: from where you're kneeling it must look like an 18 karat run of bad luck
(34:02 / All) NlGGERS!!!!!!: but truth is
(34:06 / All) NlGGERS!!!!!!: the game was rigged from the start
(34:18 / All) NlGGERS!!!!!!: me and green are going to kill everything including our own units and put you two in a standoff
(34:20 / All) DontHaveACowMan: How's it feel to get bamboozled blue?
(34:24 / All) DontHaveACowMan: worthless noob
(34:24 / All) NlGGERS!!!!!!: sound fair? can leave your PCs on all night for the win
(39:39 / All) DontHaveACowMan: Good luck, scrubs